Map: Ulrena

Players

Jhyrachy - Winner!

  • Race: Zerg Zerg
  • League: Gold

Alinutu

  • Race: Terran Terran

VOD

Have the link to the VOD?

Description

Time

  • Played on: April 18, 2016, 1:53 p.m.
  • Length: 37:07
Show
View Real Time Build Order
Export as new Build Order

Jhyrachy Zerg - Winner!

Build Orders: Hatch First 

Get SALT Encoding   

  12  0:01  Drone  
  13  0:08  Drone  
  14  0:17  Overlord  
  14  0:35  Drone  
  15  0:36  Drone x2  
  17  0:57  Extractor  
  17  0:58  Drone  
  17  0:59  Hatchery  
  17  1:02  Drone  
  17  1:19  Spawning Pool  
  17  1:22  Drone  
  17  1:27  Overlord  
  17  1:47  Drone x2  
  19  2:06  Queen  
  19  2:08  Drone x2  
  23  2:12  Queen  
  23  2:14  Overlord  
  25  2:26  Drone  
  25  2:27  Drone  
  27  2:33  Overlord  
  27  2:34  Drone  
  28  2:44  Lair  
  28  2:50  Extractor  
  27  2:56  Extractor, Drone x4  
  27  2:57  Drone  
  27  2:58  Extractor  
  30  3:28  Drone  
  30  3:29  Drone x8  
  39  3:36  Drone  
  40  3:43  Spire  
  39  3:49  Overlord  
  39  4:10  Drone  
  39  4:16  Drone  
  41  4:32  Overlord  
  41  4:34  Overlord  
  41  4:55  Mutalisk  
  41  4:56  Mutalisk x9  
  61  5:08  Queen  
  61  5:09  Hatchery  
  62  5:20  Zergling x12  
  68  5:25  Spine Crawler  
  67  6:34  Mutalisk  
  67  6:35  Mutalisk x2  
  67  7:07  Overlord x4  
  67  7:25  Mutalisk x10  
  67  9:00  Drone  
  67  9:01  Drone x12  
  67  9:03  Overlord  
  67  9:04  Overlord x3  
  67  9:38  Hatchery  
  67  9:49  Hatchery x2  
  67  10:04  Hatchery  
  67  10:09  Hatchery x2  
  67  10:12  Hatchery, Drone x4  
  67  10:13  Hatchery, Drone x4  
  67  10:16  Hatchery  
  67  10:24  Drone x3  
  67  10:25  Drone x2  
  67  10:29  Drone x4  
  67  10:30  Drone  
  67  10:37  Drone  
  67  10:38  Drone x7  
  67  11:21  Drone  
  67  11:22  Drone x16  
  67  11:23  Drone x2  
  67  11:24  Drone x2  
  67  11:35  Hatchery  
  67  12:37  Drone x4  
  67  12:40  Drone x10  
  67  12:41  Hatchery  
  67  12:43  Drone x2  
  67  12:46  Hatchery  
  67  13:17  Drone  
  67  13:24  Drone x5  
  67  13:25  Drone x2  
  67  13:26  Drone x2  
  67  13:27  Drone x3  
  67  13:33  Drone x3  
  67  13:34  Drone x4  
  67  13:35  Drone x3  
  67  13:36  Drone x2  
  67  14:02  Nydus Network  
  67  14:44  Drone  
  67  14:45  Drone x4  
  67  14:46  Drone  
  67  14:54  Drone x13  
  67  16:16  Nydus Canal  
  67  16:42  Nydus Canal  
  67  16:55  Drone x12  
  67  16:56  Drone  
  67  16:57  Drone x3  
  67  17:16  Drone x17  
  67  17:18  Hatchery  
  67  18:05  Drone x12  
  67  18:09  Drone x2  
  67  18:28  Nydus Canal  
  67  19:06  Nydus Canal  
  67  19:40  Nydus Canal  
  67  19:55  Nydus Canal  
  67  20:09  Nydus Canal  
  67  20:23  Nydus Canal, Extractor  
  67  20:25  Extractor  
  67  20:28  Extractor  
  67  20:29  Extractor  
  67  20:32  Extractor  
  67  20:34  Extractor  
  67  20:38  Nydus Canal  
  67  20:52  Nydus Canal  
  67  20:53  Extractor  
  67  20:55  Extractor  
  67  21:00  Extractor x2  
  67  21:06  Nydus Canal  
  67  21:18  Extractor  
  67  21:21  Nydus Canal, Extractor  
  67  21:24  Drone  
  67  21:29  Extractor  
  67  21:30  Extractor  
  67  21:34  Extractor  
  67  21:35  Nydus Canal  
  67  21:37  Extractor  
  67  21:38  Extractor  
  67  21:41  Extractor  
  67  21:43  Extractor  
  67  21:46  Extractor x2  
  67  21:49  Nydus Canal  
  67  21:51  Drone  
  67  21:52  Drone x4  
  67  21:53  Drone x3  
  67  21:54  Drone x2  
  67  21:55  Drone  
  67  22:16  Nydus Canal  
  67  25:47  Drone x6  
  67  25:48  Drone x3  
  67  26:30  Overlord  
  67  26:31  Overlord x11  
  67  26:32  Overlord x27  
  67  26:33  Overlord x24  
  67  26:34  Overlord x26  
  67  26:35  Overlord  
  67  26:54  Pneumatized Carapace  
  67  28:25  Overlord  
  67  28:26  Overlord x20  
  67  28:27  Overlord x27  
  67  34:09  Overlord  
  67  34:10  Overlord x17  
  67  34:11  Overlord x19  
  67  34:12  Overlord x11  
  67  36:42  Overseer x14  
  67  36:43  Overseer x17  
  67  36:44  Overseer x20  
  67  36:45  Overseer x16  
  67  36:46  Overseer x5  
Show
View Real Time Build Order
Export as new Build Order

Alinutu Terran 

Build Orders:  

Get SALT Encoding   

  12  0:01  SCV  
  13  0:13  SCV  
  14  0:23  Supply Depot  
  14  0:25  SCV  
  15  0:32  Refinery  
  15  0:45  SCV  
  15  0:47  Barracks  
  16  0:59  SCV  
  17  1:11  SCV  
  17  1:13  Engineering Bay  
  18  1:23  SCV  
  19  1:36  Barracks Tech Lab  
  19  1:46  Missile Turret  
  19  1:48  Orbital Command  
  19  2:08  Missile Turret  
  19  2:15  Command Center  
  19  2:21  Marine  
  20  2:31  SCV  
  20  2:36  Refinery  
  21  2:38  Marine  
  21  2:43  SCV  
  23  2:48  Stimpack  
  23  3:14  Supply Depot  
  23  3:26  Marine  
  23  3:27  SCV  
  25  3:28  Terran Infantry Armor Level 1  
  25  3:37  Supply Depot  
  25  3:39  SCV, Factory  
  26  3:50  Marauder  
  26  3:51  SCV  
  29  4:09  SCV  
  30  4:12  Marauder  
  32  4:22  Widow Mine, SCV  
  35  4:24  Barracks  
  35  4:33  Marauder  
  35  4:34  SCV  
  38  4:46  SCV  
  38  4:50  Widow Mine  
  41  4:58  SCV  
  42  5:03  Command Center  
  42  5:10  SCV  
  43  5:14  Starport  
  43  5:22  Terran Infantry Weapons Level 1  
Tags
 
Add a new tag
Caveats
  • Supply blocks, unpowered buildings, or Contaminate may cause inaccurate times.
  • Supply counts are checked every 10 seconds.